 Dungeon Crawl Stone Soup version 0.21.1-1-g345015f (webtiles) character file.

7989 Falco the Spear-Bearer (level 11, -4/92 (93) HPs)
             Began as a Pale Draconian Skald on May 3, 2018.
             Slain by a sky beast (5 damage)
             ... on level 11 of the Dungeon.
             The game lasted 01:32:48 (12114 turns).

Falco the Spear-Bearer (Pale Draconian Skald)      Turns: 12114, Time: 01:32:49

HP:   -4/92 (93)    AC:  8    Str: 23    XL:     11   Next: 4%
MP:   12/18         EV: 16    Int: 18    God:
Gold: 605           SH:  0    Dex: 20    Spells: 2/20 levels left

rFire    . . .     SeeInvis .   F - +2 halberd (venom)
rCold    . . .     Gourm    .   (shield currently unavailable)
rNeg     . . .     Faith    .   (armour unavailable)
rPois    .         Spirit   .   (helmet restricted)
rElec    .         Reflect  .   T - +0 cloak
rCorr    .         Harm     .   (no gloves)
MR       .....     Rnd*Tele +   (no boots)
Stlth    +++.......             (no amulet)
HPRegen  0.25/turn              u - ring "Bifamye" {*Tele Str+2 Dex+8}
MPRegen  0.16/turn              y - ring of wizardry

@: mighty, brilliant, lethally poisoned (-4 -> -8), short of breath, singing
A: breathe steam, unfitting armour, cold-blooded, AC +7
a: Breathe Steam


You were on level 11 of the Dungeon.
You were not hungry.

You visited 1 branch of the dungeon, and saw 11 of its levels.

You collected 605 gold pieces.

Inventory:

Hand Weapons
 a - a +0 spear
 b - a +0 blowgun
 j - a cursed -1 dagger
 z - a +2 falchion of electrocution
 C - a +0 scythe
 F - a +2 halberd of venom (weapon)
Missiles
 c - 7 needles of confusion
 t - 26 poisoned needles
 v - 4 curare-tipped needles
Armour
 e - a +3 buckler
 T - a +0 cloak (worn)
 U - the +3 leather armour of Ygiequano {rN++ MR- Regen+ SInv, unknown}
   (You found it on level 11 of the Dungeon)

   It greatly protects you from negative energy.
   It affects your resistance to hostile enchantments.
   It lets you see invisible.
   It increases your rate of regeneration.
Jewellery
 m - an uncursed ring of protection from magic
 s - an uncursed ring of flight
 u - the ring "Bifamye" (left hand) {*Tele Str+2 Dex+8}
   (You found it on level 8 of the Dungeon)

   [ring of teleportation]

   It may teleport you next to monsters.
   It affects your strength (+2).
   It affects your dexterity (+8).
 y - a ring of wizardry (right hand)
Wands
 A - a wand of paralysis (16)
 R - a wand of disintegration (9)
 S - a wand of random effects (11)
Scrolls
 d - 3 scrolls of random uselessness {unknown}
 h - 2 scrolls of noise {unknown}
 l - 4 scrolls of remove curse {unknown}
 o - 2 scrolls of enchant weapon {unknown}
 w - 4 scrolls of teleportation
 B - 3 scrolls of immolation {unknown}
 I - a scroll of vulnerability {unknown}
 L - a scroll of summoning {unknown}
 N - a scroll of amnesia {unknown}
 O - a scroll of brand weapon {unknown}
 Q - a scroll of magic mapping {unknown}
Potions
 f - 3 potions of flight
 g - 2 potions of mutation
 i - a potion of cancellation {unknown}
 k - a potion of magic {unknown}
 n - a potion of haste {unknown}
 p - 2 potions of curing {unknown}
 q - 2 potions of might
 D - a potion of experience {unknown}
 G - a potion of resistance {unknown}
 H - 2 potions of degeneration {unknown}
 J - 2 potions of berserk rage
 K - a potion of brilliance
Books
 r - a book of Battle

   Spells                             Type                      Level
   a - Infusion                       Charms                       1
   b - Shroud of Golubria             Charms/Translocation         2
   c - Song of Slaying                Charms                       2
   d - Spectral Weapon                Hexes/Charms                 3
   e - Regeneration                   Charms/Necromancy            3
 M - a book of Debilitation

   Spells                             Type                      Level
   a - Corona                         Hexes                        1
   b - Slow                           Hexes                        2
   c - Inner Flame                    Hexes/Fire                   3
   d - Portal Projectile              Hexes/Translocation          3
   e - Cause Fear                     Hexes                        4
   f - Leda's Liquefaction            Hexes/Earth                  4
Comestibles
 E - 2 rations


   Skills:
 + Level 7.6 Fighting
 + Level 10.6 Polearms
 + Level 0.2 Throwing
 + Level 5.9 Dodging
 + Level 5.0 Stealth
 + Level 2.9 Shields
 + Level 5.1 Spellcasting
 + Level 2.0 Hexes
 + Level 5.3 Charms
 + Level 1.7 Necromancy


You had 2 spell levels left.
You knew the following spells:

 Your Spells              Type           Power        Failure   Level  Hunger
a - Infusion              Chrm           ####         1%          1    None
b - Song of Slaying       Chrm           ####....     1%          2    #......
c - Shroud of Golubria    Chrm/Tloc      ####......   1%          2    #......
d - Regeneration          Chrm/Necr      ####......   1%          3    ##.....
e - Spectral Weapon       Hex/Chrm       ####....     1%          3    ##.....
f - Inner Flame           Hex/Fire       ###.....     3%          3    ##.....
g - Leda's Liquefaction   Hex/Erth       ###.......   10%         4    ####...


Dungeon Overview and Level Annotations

Branches:
Dungeon (11/15)              Lair (0/6) D:8
 Temple: D:4-7          Orc: D:9-12

Altars:
Cheibriados
Dithmenos
Gozag
Kikubaaqudgha
Nemelex Xobeh
Sif Muna
Trog
Uskayaw
Vehumet
Wu Jian
Xom
Yredelemnul
Zin

Shops:
D:11 *

Annotations:
D:3 Grorgnorb's ghost, amateur BaSk
D:10 Joseph; Urug


Innate Abilities, Weirdness & Mutations

You can breathe blasts of scalding, opaque steam.
Your pale cyan-grey scales are hard. (AC +7)
You cannot fit into any form of body armour.
You are cold-blooded and may be slowed by cold attacks.


Message History

You have got your breath back.
You feel sick.
You feel sick.
You miss something.
Your tail-slap misses something.
You feel sick. Something closely misses you.
Okay, then.
Press: ? - help, Shift-Dir - straight line, f - iguana
Aim: an iguana You exhale a blast of scalding steam.
The ball of steam hits something.
The ball of steam hits the iguana.
The iguana is moderately wounded.
You feel slightly more hungry.
You feel sick.
The iguana is engulfed in a cloud of scalding steam.
Something hits you but does no damage.
You slice the iguana!!
You kill the iguana!
You feel sick. Something hits you.
* * * LOW HITPOINT WARNING * * *
Something shocks you.
You die...

.. ..
..............
..
....%........
..
............
.≈ ...........
≈≈ ..........
≈≈ .........
≈≈ ....§.§†#
.≈ ≈...§§{@#
.. ≈≈...§.(#
.. ≈....####
.. .... .. ...
.. .. .


You could see a friendly spectral halberd of venom.

Vanquished Creatures
  2 two-headed ogres
  Pikel (D:7)
  A troll (D:10)
  2 wyverns
  Sigmund (D:4)
  Menkaure (D:7)
  2 porcupines (D:8)
  3 sky beasts
  3 orc warriors (D:8)
  A slave (D:7)
  A water moccasin (D:10)
  3 ice beasts
  A black bear (D:8)
  A phantom (D:4)
  A necrophage (D:8)
  7 ogres
  2 centaurs
  6 bullfrogs
  A big kobold (D:8)
  15 killer bees
  3 scorpions
  2 wights (D:6)
  3 electric eels (D:11)
  3 howler monkeys (D:11)
  2 hounds
  2 centaur zombies
  A jelly (D:9)
  2 gnoll shamans
  2 orc priests
  2 bullfrog skeletons
  4 iguanas
  6 worker ants
  10 orc wizards
  A hound skeleton (D:4)
  34 gnolls
  7 adders
  6 shadow imps
  An ooze (D:2)
  2 adder zombies
  An adder skeleton (D:4)
  4 worms
  3 dart slugs
  5 leopard geckos
  22 orcs
  A bat zombie (D:2)
  7 giant cockroaches
  11 goblins
  7 hobgoblins
  34 jackals
  14 kobolds
  6 quokkas
  5 bats
  6 frilled lizards
  A jackal skeleton (D:4)
  A jackal zombie (D:5)
  A leopard gecko skeleton (D:2)
  A quokka skeleton (D:5)
  A quokka zombie (D:5)
  5 rats
  A spectral orc (D:5)
285 creatures vanquished.

Vanquished Creatures (others)
  2 adder skeletons (D:5)
  An orc (D:5)
  A fungus (D:8)
  A spectral weapon (D:8)
5 creatures vanquished.

Grand Total: 290 creatures vanquished

Notes
Turn   | Place    | Note
-------+----------+-------------------------------------------
     0 | D:1      | Falco the Draconian Skald began the quest for the Orb.
     0 | D:1      | Reached XP level 1. HP: 17/17 MP: 3/3
   273 | D:1      | Reached XP level 2. HP: 20/24 MP: 5/5
   277 | D:1      | Learned a level 2 spell: Song of Slaying
   280 | D:1      | Learned a level 2 spell: Shroud of Golubria
   702 | D:1      | Reached XP level 3. HP: 27/30 MP: 4/6
  1776 | D:2      | Reached skill level 1 in Stealth
  1776 | D:2      | Reached XP level 4. HP: 35/37 MP: 4/7
  2027 | D:2      | Found a faded altar of an unknown god.
  2428 | D:3      | Noticed Grorgnorb's ghost (amateur BaSk)
  2920 | D:3      | Reached skill level 3 in Polearms
  3045 | D:3      | Found a deep blue altar of Sif Muna.
  3509 | D:4      | Reached XP level 5. HP: 19/44 MP: 8/8
  3750 | D:4      | Found an opulent altar of Gozag.
  4047 | D:4      | Noticed a phantom
  4102 | D:4      | Killed a phantom
  4102 | D:4      | Reached skill level 1 in Shields
  4244 | D:4      | Reached XP level 6. HP: 51/51 MP: 4/9
  4272 | D:4      | Reached skill level 4 in Polearms
  4354 | D:4      | Learned a level 3 spell: Regeneration
  4439 | D:4      | Noticed Sigmund
  4496 | D:4      | Killed Sigmund
  4787 | D:4      | Your scales start taking on a pale cyan-grey colour.
  4787 | D:4      | Reached XP level 7. HP: 44/57 MP: 10/10
  4911 | D:5      | Entered Level 5 of the Dungeon
  4915 | D:5      | Reached skill level 5 in Polearms
  4934 | D:5      | Found a bloodstained altar of Trog.
  4934 | D:5      | Found a shimmering altar of Xom.
  5503 | D:6      | Noticed a dagger
  5503 | D:6      | Noticed a dagger
  5504 | D:6      | Found a snail-covered altar of Cheibriados.
  5561 | D:6      | Reached XP level 8. HP: 17/66 MP: 0/12
  5843 | D:5      | Reached skill level 1 in Necromancy
  6335 | D:5      | Found a radiant altar of Vehumet.
  6499 | D:5      | Reached skill level 6 in Polearms
  7208 | D:5      | Found a basalt altar of Yredelemnul.
  7464 | D:6      | Found a hide-covered altar of Uskayaw.
  7674 | D:6      | Reached skill level 5 in Fighting
  7709 | D:6      | Reached skill level 7 in Polearms
  8005 | D:7      | Learned a level 3 spell: Spectral Weapon
  8063 | D:7      | Found a snail-covered altar of Cheibriados.
  8065 | D:7      | Found a shadowy altar of Dithmenos.
  8065 | D:7      | Found a sparkling altar of Nemelex Xobeh.
  8066 | D:7      | Found a glowing silver altar of Zin.
  8072 | D:7      | Found an ancient bone altar of Kikubaaqudgha.
  8143 | D:7      | Noticed Pikel
  8172 | D:7      | Killed Pikel
  8172 | D:7      | Reached XP level 9. HP: 23/74 MP: 8/14
  8452 | D:7      | Noticed a two-headed ogre
  8459 | D:7      | Killed a two-headed ogre
  8459 | D:7      | Reached skill level 8 in Polearms
  8664 | D:7      | Noticed Menkaure
  8671 | D:7      | Killed Menkaure
  9266 | D:8      | Reached skill level 9 in Polearms
  9330 | D:8      | Reached XP level 10. HP: 67/83 MP: 12/16
  9416 | D:8      | Reached skill level 1 in Hexes
  9787 | D:8      | Reached skill level 5 in Dodging
  9823 | D:8      | Found a staircase to the Lair.
  9974 | D:8      | Got a glittering silver ring
 10788 | D:9      | Learned a level 3 spell: Inner Flame
 10793 | D:9      | Learned a level 4 spell: Leda's Liquefaction
 11021 | D:9      | Found an ornate altar of the Wu Jian Council.
 11109 | D:10     | Entered Level 10 of the Dungeon
 11183 | D:10     | Reached skill level 10 in Polearms
 11204 | D:10     | Reached skill level 5 in Charms
 11304 | D:10     | Noticed Joseph
 11312 | D:10     | Noticed Urug
 11349 | D:11     | Noticed a two-headed ogre
 11357 | D:11     | Killed a two-headed ogre
 11668 | D:11     | Got a heavily runed leather armour
 11856 | D:11     | Reached skill level 5 in Spellcasting
 11956 | D:11     | Identified the ring "Bifamye" {*Tele Str+2 Dex+8} (You found it on level 8 of the Dungeon)
 12076 | D:11     | Found Laniesi's General Store.
 12082 | D:11     | Reached skill level 5 in Stealth
 12100 | D:11     | Reached XP level 11. HP: 25/91 MP: 13/18
 12114 | D:11     | HP: 1/92 [something (5)]
 12114 | D:11     | Slain by a sky beast

Skill      XL: |  1  2  3  4  5  6  7  8  9 10 |
---------------+-------------------------------+-----
Charms         | 3 4 5 |  5.3
Stealth        | 1 2 3 4 5 |  5.0
Polearms       | 3 4 5 7 9 10 | 10.6
Fighting       | 3 4 5 6 7 |  7.6
Shields        | 1 2 |  2.9
Dodging        | 3 4 5 |  5.9
Necromancy     | 1 |  1.7
Spellcasting   | 3 4 5 |  5.1
Hexes          | 2 |  2.0
Throwing       | |  0.2

Action                   |  1- 3 |  4- 6 |  7- 9 | 10-12 || total
-------------------------+-------+-------+-------+-------++-------
Melee: Spear             |   153 |   334 |   370 |       ||   857
       Tailslap          |    11 |    29 |    53 |    13 ||   106
       Halberd           |       |       |   118 |   179 ||   297
 Fire: Blowgun           |       |       |     2 |       ||     2
 Cast: Infusion          |     4 |     4 |     2 |       ||    10
       Song of Slaying   |     6 |     1 |    10 |     4 ||    21
       Shroud of Golubri |     1 |       |       |       ||     1
       Regeneration      |       |     1 |    12 |     4 ||    17
       Spectral Weapon   |       |       |     6 |    10 ||    16
 Abil: Breathe Steam     |       |       |    10 |    12 ||    22
  Use: Scroll            |     5 |     5 |     4 |     5 ||    19
       Potion            |       |     2 |     2 |     4 ||     8
 Stab: Sleeping          |       |     7 |     6 |     4 ||    17
       Distracted        |       |       |     3 |     1 ||     4
  Eat: Ration            |     1 |     3 |     5 |     3 ||    12
       Chunk             |       |       |     4 |       ||     4
Armor: Skin              |    72 |    45 |    94 |    45 ||   256
Dodge: Dodged            |   118 |    98 |   242 |   144 ||   602
Block: Buckler           |     9 |    56 |    92 |       ||   157
